 Dungeon Crawl Stone Soup version 0.23.0-3-gf3c87f2 (webtiles) character file.

Game seed: 6158693782733287658

91 Gergoth the Poker (level 4, -15/35 HPs)
             Began as a Mummy Gladiator on Feb 24, 2019.
             Killed by divine providence
             ... invoked by an orc priest
              (16 damage)
             ... on level 2 of the Dungeon.
             The game lasted 00:03:12 (2186 turns).

Gergoth the Poker (Mummy Gladiator)                 Turns: 2186, Time: 00:03:12

Health: -15/35     AC:  4    Str: 17    XL:     4   Next: 33%
Magic:  7/7        EV: 12    Int:  8    God:
Gold:   108        SH:  0    Dex: 13    Spells: 8/8 levels left

rFire    x . .     SeeInvis .   g - +0 spear
rCold    + . .     Gourm    .   (no shield)
rNeg     + + +     Faith    .   b - +0 leather armour
rPois    ∞         Spirit   .   c - +0 helmet
rElec    .         Reflect  .   (no cloak)
rCorr    .         Harm     .   (no gloves)
MR       .....                  (no boots)
Stlth    +.........             (no amulet)
HPRegen  0.11/turn              (no ring)
MPRegen  0.10/turn              (no ring)

@: no status effects
A: no food or potions, fire vulnerability, cold resistance 1, negative energy
resistance 3, torment resistance, unbreathing
a: no special abilities


You were on level 2 of the Dungeon.
You were not hungry.

You visited 1 branch of the dungeon, and saw 3 of its levels.

You collected 108 gold pieces.

Inventory:

Hand Weapons
 a - a +0 trident
 g - a +0 spear (weapon)
Missiles
 d - 3 throwing nets (quivered)
 l - 2 tomahawks
Armour
 b - a +0 leather armour (worn)
 c - a +0 helmet (worn)
 h - a +0 shield
Jewellery
 n - a cursed ring of attention {unknown}
Scrolls
 e - 3 scrolls of identify {unknown}
 f - 3 scrolls of immolation {unknown}
 i - 2 scrolls of remove curse {unknown}
 j - a scroll of enchant weapon {unknown}
 k - a scroll of fog {unknown}
 m - a scroll of teleportation {unknown}


   Skills:
 + Level 3.1 Fighting
 + Level 3.1 Polearms
 - Level 1.5 Throwing
 - Level 2.4 Dodging
 + Level 2.6 Spellcasting


You had 8 spell levels left.
You didn't know any spells.
Your spell library was empty.

Dungeon Overview and Level Annotations

Branches:
Dungeon (3/15)

Altars:


Innate Abilities, Weirdness & Mutations

You do not eat or drink.
Your flesh is vulnerable to fire.
You are immune to poison.
Your flesh is cold resistant. (rC+)
You are immune to negative energy. (rN+++)
You are immune to unholy pain and torment.
You can survive without breathing.


Message History

The orc priest is heavily wounded.
The orc priest barely misses you.
You hit the orc priest but do no damage.
The orc priest is heavily wounded.
The orc priest barely misses you.
You closely miss the orc priest.
The orc priest is heavily wounded.
The orc priest hits you with a +1 flail of crushing!
* * * LOW HITPOINT WARNING * * *
x2 You hit the orc priest.
The orc priest is severely wounded.
You barely miss the orc priest.
The orc priest is severely wounded.
The orc priest hits you with a +1 flail of crushing.
* * * LOW HITPOINT WARNING * * *
x2 You hit the orc priest.
The orc priest is almost dead.
The orc priest mumbles some strange prayers to Beogh against you.
Beogh smites you!
You die...

...........###.#.#.....##
##..%.# .###...###.#
#.....##.#.###.###.# .#
#.#####.###....#......#...##.#
.# #.#
##.#.##....##.........##.# .#
#.###.###.#..#####......#.....
.# #....##
##..#.###)###...#.##<# .#
#####.###.###..#.## #####.##.#
.# ##.#.## #o#.## #.##.#
.##### ##.## #@#.# ##.##.#
.....# #.# #.#.### #......
.###.# #.# #.#...# #.#.#.#
.###.## #.# #.###.# #.#.#..
###...####.# #.# #.# #.#.##.
...........# #.# #.# #.#.##.
###...###### #.###.# #.#.##.
##.## #..<..# #.#.##. ####.#
####..# #......


You could see an orc priest.

Vanquished Creatures
  A worker ant (D:2)
  2 adders (D:2)
  A worm (D:2)
  2 leopard geckos (D:1)
  4 giant cockroaches (D:2)
  7 goblins
  4 hobgoblins
  A jackal (D:2)
  7 bats
  A frilled lizard (D:2)
  8 kobolds
  8 rats
46 creatures vanquished.

Notes
Turn   | Place    | Note
-------+----------+-------------------------------------------
     0 | D:1      | Gergoth the Mummy Gladiator began the quest for the Orb.
     0 | D:1      | Reached XP level 1. HP: 16/16 MP: 1/1
   367 | D:1      | Reached skill level 1 in Spellcasting
   367 | D:1      | Reached XP level 2. HP: 15/22 MP: 3/3
  1211 | D:2      | Reached XP level 3. HP: 28/28 MP: 5/5
  1382 | D:2      | Reached XP level 4. HP: 18/35 MP: 7/7
  2185 | D:2      | HP: 1/35 [orc priest/+1 flail of crushing (1)]
  2186 | D:2      | Killed from afar by an orc priest

Skill      XL: |  1  2  3 |
---------------+----------+-----
Spellcasting   | 1 2 |  2.6
Fighting       | 3 |  3.1
Polearms       | 3 |  3.1
Throwing       | |  1.5
Dodging        | |  2.4

Action                   |  1- 3 |  4- 6 || total
-------------------------+-------+-------++-------
Melee: Spear             |   120 |    69 ||   189
 Stab: Sleeping          |     2 |       ||     2
Armor: Leather armour    |    31 |    12 ||    43
Dodge: Dodged            |    55 |    28 ||    83
